 Dungeon Crawl Stone Soup version 0.21.1-1-g345015f (webtiles) character file.

145 pk666 the Magician (level 5, -4/28 HPs)
             Began as a Deep Elf Wizard on Feb 13, 2018.
             Slain by a river rat (10 damage)
             ... in a sewer.
             The game lasted 00:10:38 (2819 turns).

pk666 the Magician (Deep Elf Wizard)                Turns: 2819, Time: 00:10:39

Health: -4/28      AC:  3    Str:  4    XL:     5   Next: 6%
Magic:  5/14       EV: 14    Int: 24    God:
Gold:   71         SH:  0    Dex: 17    Spells: 5/14 levels left

rFire    . . .     SeeInvis .   g - +0 dagger
rCold    . . .     Gourm    .   (no shield)
rNeg     . . .     Faith    .   a - +0 robe
rPois    .         Spirit   .   b - +0 hat
rElec    .         Reflect  .   (no cloak)
rCorr    .         Harm     .   j - +0 pair of gloves
MR       .....                  (no boots)
Stlth    +.........             (no amulet)
HPRegen  0.09/turn              n - +4 ring of dexterity
MPRegen  0.14/turn              (no ring)

@: very slow
A: no striking features
a: no special abilities


You were in a sewer.
You were hungry.

You visited 1 branch of the dungeon, and saw 3 of its levels.
You also visited: Sewer.

You collected 71 gold pieces.

Inventory:

Hand Weapons
 g - a +0 dagger (weapon)
Missiles
 m - 5 javelins (quivered)
Armour
 a - a +0 robe (worn)
 b - a +0 hat (worn)
 j - a +0 pair of gloves (worn)
Jewellery
 n - a +4 ring of dexterity (left hand)
Scrolls
 f - 2 scrolls of amnesia {unknown}
 h - 5 scrolls of teleportation {unknown}
 o - a scroll of remove curse {unknown}
 r - a scroll of blinking {unknown}
 s - a scroll of fog {unknown}
Potions
 k - a potion of lignification {unknown}
 l - a potion of brilliance {unknown}
 p - a potion of cancellation {unknown}
 q - a potion of invisibility {unknown}
Books
 c - a book of Minor Magic

   Spells                             Type                      Level
   a - Magic Dart                     Conjuration                  1
   b - Blink                          Translocation                2
   c - Call Imp                       Summoning                    2
   d - Slow                           Hexes                        2
   e - Conjure Flame                  Conjuration/Fire             3
   f - Mephitic Cloud                 Conjuration/Poison/Air       3
Comestibles
 d - 2 rations


   Skills:
 + Level 1.4 Short Blades
 + Level 3.5 Dodging
 - Level 2.4 Stealth
 * Level 5.2 Spellcasting
 * Level 2.5 Conjurations
   Level 1.1 Summonings
 - Level 1.1 Translocations
 * Level 1.3 Fire Magic
 * Level 1.1 Air Magic
 * Level 1.1 Poison Magic


You had 5 spell levels left.
You knew the following spells:

 Your Spells              Type           Power        Failure   Level  Hunger
a - Magic Dart            Conj           ###.         3%          1    None
b - Blink                 Tloc           N/A          9%          2    None
d - Conjure Flame         Conj/Fire      ###.....     12%         3    ##.....
z - Mephitic Cloud        Conj/Pois/Air  ##......     13%         3    ##.....


Dungeon Overview and Level Annotations

Branches:
Dungeon (3/15)

Altars:
Fedhas
Trog

Annotations:
D:3 Terence


Message History

The river rat misses you. The river rat bites you.
* * * LOW HITPOINT WARNING * * *
The river rat twitches its whiskers.
Careful!
You are starting to lose your buoyancy.
The river rat twitches its whiskers.
Are you sure you want to fly over deep water while you are losing your buoyancy? [Y]es or [N]o only, please.
Are you sure you want to fly over deep water while you are losing your buoyancy? [Y]es or [N]o only, please.
Are you sure you want to fly over deep water while you are losing your buoyancy?
Okay, then.
You float gracefully downwards.
Splash!
You fall into the shallow water.
Moving in this stuff is going to be slow.
The river rat bites you.
* * * LOW HITPOINT WARNING * * *
The river rat bites you!
You die...

##...## #...## #...#
#...## ##...##
#....###################
#.....#≈≈≈≈≈≈≈≈≈≈≈≈≈≈≈#.
##.....≈≈≈≈≈≈≈≈≈≈≈≈≈≈≈≈.
#....≈@r≈≈≈≈≈≈≈≈≈≈≈≈≈≈.
#.....≈≈≈≈≈≈#≈≈#≈≈≈≈≈≈.
##...≈≈≈≈≈≈≈≈≈≈≈≈≈≈≈≈..
###.#≈≈≈≈≈≈.≈≈≈≈≈≈≈≈#.
#################### #
### #.. #..


You could see a river rat.

Vanquished Creatures
  A gnoll (D:1)
  3 adders
  5 river rats (Sewer)
  2 dart slugs (D:1)
  7 bats
  4 giant cockroaches (D:1)
  6 goblins
  3 hobgoblins
  4 kobolds
  2 quokkas (D:2)
  4 ball pythons
  3 frilled lizards
  27 rats
71 creatures vanquished.

Notes
Turn   | Place    | Note
-------+----------+-------------------------------------------
     0 | D:1      | pk666 the Deep Elf Wizard began the quest for the Orb.
     0 | D:1      | Reached XP level 1. HP: 10/10 MP: 7/7
   417 | D:1      | Reached XP level 2. HP: 15/15 MP: 4/9
   518 | D:1      | Reached skill level 1 in Short Blades
   743 | D:1      | Reached XP level 3. HP: 19/19 MP: 2/11
  1088 | D:1      | Reached skill level 5 in Spellcasting
  1284 | D:2      | Learned a level 2 spell: Blink
  1288 | D:2      | Learned a level 3 spell: Mephitic Cloud
  1292 | D:2      | Learned a level 3 spell: Conjure Flame
  1382 | D:2      | Found a blossoming altar of Fedhas.
  1585 | D:2      | Found a bloodstained altar of Trog.
  1603 | D:2      | Noticed Terence
  1696 | D:3      | Found a glowing drain.
  1718 | Sewer    | Entered a sewer
  1898 | Sewer    | Reached XP level 4. HP: 15/24 MP: 3/13
  2171 | Sewer    | Reached skill level 1 in Fire Magic
  2366 | Sewer    | Reached skill level 1 in Poison Magic
  2562 | Sewer    | Reached skill level 1 in Air Magic
  2777 | Sewer    | Reached XP level 5. HP: 11/28 MP: 0/14
  2819 | Sewer    | Slain by a river rat

Skill      XL: |  1  2  3  4 |
---------------+-------------+-----
Short Blades   | 1 |  1.4
Dodging        | 3 |  3.5
Spellcasting   | 5 |  5.2
Conjurations   | 2 |  2.5
Fire Magic     | 1 |  1.3
Poison Magic   | 1 |  1.1
Air Magic      | 1 |  1.1
Stealth        | |  2.4
Summonings     | |  1.1
Translocations | |  1.1

Action                   |  1- 3 |  4- 6 || total
-------------------------+-------+-------++-------
Melee: Dagger            |     3 |     2 ||     5
 Cast: Magic Dart        |   119 |    75 ||   194
       Blink             |     1 |       ||     1
  Use: Potion            |     1 |     2 ||     3
  Eat: Chunk             |     3 |     2 ||     5
Armor: Robe              |    18 |     3 ||    21
Dodge: Dodged            |    73 |    29 ||   102
